AoeStats
← jojohe232

Arabia

509579917Analyzed
2v2 RM · 5d ago on Sep 27, 2026· 58m 27s· 4 players
Game mode
Random Map
Map size
Medium (4 player)
Population
200
Speed
Normal
Resources
Standard
Victory
Conquest
Starting age
Dark Age
Ending age
Imperial Age
RankedLock teamsTeams togetherTeam positionsShared explorationLock speedFull tech treeHidden civsTurbo modeCheats
Victory
Defeat
🇦🇺 Franks · Australia
679
+18
🇦🇹 Slavs · Austria
560
+22
🇦🇺 Khitans · Australia
711
-20
🇦🇺 Franks · Australia
703
-20
malcolm.james.new
0:34 Loom
0:56 Loom
16:58 Feudal Age
19:15 Double-Bit Axe
19:24 Gold Mining
19:22 Town Watch
19:00 Man-at-Arms
19:26 Arson
20:59 Wheelbarrow
20:21 Stone Mining
20:57 Scale Mail Armor
21:03 Scale Barding Armor
21:11 Forging
25:54 Fletching
28:23 Castle Age
28:31 Long Swordsman
28:33 Pikeman
29:13 Squires
29:00 Gambesons
29:32 Chain Mail Armor
29:54 Iron Casting
29:41 Husbandry
31:47 Chain Barding Armor
32:05 Bow Saw
34:08 Murder Holes
34:36 Ballistics
38:17 Masonry
39:33 Bodkin Arrow
43:09 Caravan
47:41 Imperial Age
46:30 Light Cavalry
47:14 Town Patrol
47:31 Hand Cart
47:56 Cavalier
49:15 Plate Barding Armor
49:41 Blast Furnace
49:57 Chemistry
49:03 Siege Engineers
49:29 Architecture
49:31 Conscription
51:13 Chivalry
52:05 Hoardings
51:21 Paladin
52:56 Halberdier
jojohe232
0:43 Loom
12:39 Feudal Age
13:30 Horse Collar
13:39 Double-Bit Axe
14:10 Gold Mining
17:13 Scale Barding Armor
17:40 Bloodlines
21:45 Forging
21:35 Scale Mail Armor
22:39 Man-at-Arms
26:36 Castle Age
28:39 Stone Mining
29:33 Bow Saw
29:28 Heavy Plow
36:35 Iron Casting
36:15 Chain Mail Armor
36:21 Chain Barding Armor
38:17 Caravan
39:59 Caravan
39:49 Pikeman
40:30 Squires
40:30 Fletching
40:40 Padded Archer Armor
43:37 Imperial Age
42:21 Husbandry
44:05 Halberdier
47:52 Wheelbarrow
47:02 Town Watch
48:42 Blast Furnace
48:17 Plate Barding Armor
48:13 Plate Mail Armor
50:40 Two-Man Saw
49:46 Murder Holes
50:11 Bodkin Arrow
50:31 Leather Archer Armor
50:53 Plate Barding Armor
52:50 Conscription
52:18 Elite Skirmisher
55:30 Chemistry
54:50 Ballistics
55:09 Ring Archer Armor
55:12 Elite Boyar
Kael
1:16 Loom
10:45 Feudal Age
11:24 Double-Bit Axe
13:22 Wheelbarrow
16:23 Gold Mining
16:29 Town Watch
18:55 Castle Age
18:58 Man-at-Arms
20:26 Squires
22:57 Forging
23:58 Hand Cart
23:52 Arson
27:23 Husbandry
28:13 Fletching
32:21 Scale Barding Armor
38:11 Iron Casting
38:15 Chain Barding Armor
40:55 Bodkin Arrow
40:31 Heavy Cavalry Archer
41:40 Bow Saw
41:33 Town Patrol
49:11 Imperial Age
46:59 Padded Archer Armor
47:10 Thumb Ring
50:21 Ballistics
51:02 Chemistry
50:38 Conscription
50:27 Ordo Cavalry
51:55 Elite Steppe Lancer
53:04 Parthian Tactics
52:43 Bracer
57:57 Heavy Camel Rider
mifffu
0:57 Loom
12:51 Feudal Age
14:18 Wheelbarrow
13:41 Double-Bit Axe
14:20 Town Watch
16:35 Stone Mining
16:37 Gold Mining
24:11 Arson
27:23 Forging
27:15 Scale Mail Armor
27:16 Padded Archer Armor
27:22 Scale Barding Armor
28:18 Fletching
31:18 Castle Age
33:42 Hand Cart
34:29 Gold Shaft Mining
34:10 Bow Saw
34:16 Squires
34:27 Bodkin Arrow
35:08 Iron Casting
34:49 Chain Mail Armor
34:50 Leather Archer Armor
36:38 Chain Barding Armor
36:57 Ordonnance Companies
42:31 Imperial Age
42:36 Husbandry
42:59 Town Patrol
43:49 Conscription
42:54 Elite Throwing Axeman
46:12 Cavalier
49:13 Cranequins
Connection lost

Rejoining the realm…

Still unreachable

The connection could not be restored.

Session expired

The server has moved on; the page needs a fresh start.